 Dungeon Crawl Stone Soup version 0.30-a0-1124-g6e8f0f562f (webtiles) character file.

Game seed: 5876195645497570375

204 LustLizard the Stinger (level 5, -1/29 HPs)
             Began as a Deep Elf Venom Mage on Apr 24, 2023.
             Slain by an ufetubus (4 damage)
             ... on level 7 of the Dungeon.
             The game lasted 00:07:41 (4407 turns).

LustLizard the Stinger (Deep Elf Venom Mage)        Turns: 4407, Time: 00:07:41

Health: -1/29      AC:  5    Str:  7    XL:     5   Next: 52%
Magic:  5/13       EV: 12    Int: 20    God:
Gold:   157        SH:  5    Dex: 15    Spells: 2/12 levels left

rFire   . . .        h - +1 dagger (venom)
rCold   . . .        (no shield)
rNeg    . . .        a - +0 robe
rPois   .            t - +1 helmet
rElec   .            (no cloak)
rCorr   .            (no gloves)
SInv    .            l - +0 pair of boots
Will    +....        e - amulet of reflection
Stlth   +++          k - ring of willpower
HPRegen 0.24/turn    (no ring)
MPRegen 0.13/turn

%: reflection
@: mighty, attractive, very slightly contaminated
A: no striking features
a: no special abilities


You were on level 7 of the Dungeon.
You visited 1 branch of the dungeon, and saw 6 of its levels.

You collected 157 gold pieces.

Inventory:

Hand Weapons
 h - a +1 dagger of venom (weapon)
Armour
 a - a +0 robe (worn)
 l - a +0 pair of boots (worn)
 t - a +1 helmet (worn)
Jewellery
 e - an amulet of reflection (around neck)
 k - a ring of willpower (left hand)
Wands
 s - a wand of flame (14)
Scrolls
 d - a scroll of blinking {unknown}
 f - a scroll of teleportation {unknown}
 i - a scroll of silence {unknown}
 m - 2 scrolls of identify
 o - 2 scrolls of vulnerability {unknown}
 p - a scroll of brand weapon {unknown}
 r - a scroll of fog {unknown}
Potions
 b - a potion of magic
 c - 3 potions of lignification
 j - 2 potions of brilliance


   Skills:
 + Level 1.2 Fighting
 - Level 2.4 Dodging
 + Level 3.7 Stealth
 + Level 4.0 Spellcasting
 * Level 2.0 Conjurations
 - Level 1.1 Transmutations
 * Level 1.7 Air Magic
 * Level 4.6 Poison Magic


You had 2 spell levels left.
You knew the following spells:

 Your Spells              Type           Power      Damage    Failure   Level
a - Sting                 Tmut/Pois      60%        1d6       4%          1
b - Poisonous Vapours     Pois/Air       32%        N/A       5%          2
c - Mephitic Cloud        Conj/Pois/Air  15%        N/A       12%         3
d - Olgreb's Toxic Radia  Pois           22%        N/A       19%         4

Your spell library contained the following spells:

 Spells                   Type           Power      Damage    Failure   Level
 Magic Dart               Conj           48%        1d5       5%          1
 Call Imp                 Summ           8%         N/A       19%         2
 Stone Arrow              Conj/Erth      16%        3d8       26%         3
 Animate Armour           Summ/Erth      8%         N/A       77%         4
 Iskenderun's Battlesphe  Conj           12%        2d7       83%         5
 Fireball                 Conj/Fire      4%         3d4       93%         5
 Conjure Ball Lightning   Conj/Air       5%         3x3d6     100%        6
 Orb of Destruction       Conj           6%         9d6       100%        7
 Lehudib's Crystal Spear  Conj/Erth      4%         10d3      100%        8


Dungeon Overview and Level Annotations

Branches:
Dungeon (7/15)
 Temple: D:4-7

Altars:
Nemelex Xobeh
Ru

Annotations:
D:4 exclusion: sky beast
D:6 Menkaure


Message History

The white imp is lightly wounded.
The white imp completely misses you. Something hits you.
The orc hits you with a +0 hand axe.
Aiming: Sting (safe; 4% risk of failure)
Press: ? - help, Q - select action, (/) - cycle Shift-Dir - straight line, f/p - white imp
Aim: a white imp (moderately wounded, poisoned, 74% to hit)
You miscast Sting.
You are very lightly contaminated with residual magic.
Nothing appears to happen.
You kill the orc!
The white imp barely misses you.
Your Conjurations skill increases to level 2!
Unknown command.
It was a potion of curing.
You feel better. The ufetubus closely misses you.
The ufetubus completely misses you. You block the white imp's attack.
The ufetubus closely misses you. The ufetubus barely misses you.
Aiming: Sting (safe; 4% risk of failure)
Press: ? - help, Q - select action, (/) - cycle Shift-Dir - straight line, f - ufetubus, p - white imp
Aim: an ufetubus (57% to hit)
You miscast Sting.
Nothing appears to happen.
The ufetubus hits you. The ufetubus barely misses you.
The white imp gestures at you. The puff of frost hits you!
Aiming: Sting (safe; 4% risk of failure)
Press: ? - help, Q - select action, (/) - cycle Shift-Dir - straight line, f/p - ufetubus
Aim: an ufetubus (57% to hit)
Okay, then.
It was a potion of might.
You feel very mighty all of a sudden.
The ufetubus hits you but does no damage.
The ufetubus closely misses you. The ufetubus barely misses you.
You block the ufetubus's attack.
Something hits the white imp.
The white imp gestures at you. The puff of frost hits you!
* * * LOW HITPOINT WARNING * * *
It was a potion of attraction.
You feel attractive to monsters.
You kill the white imp!
The ufetubus hits you.
You die...

. ##........##..#
#.#.........##..#
................#
...............##
...5..[.......##
.......<......#
..#.......)...#
.>##......#..{#
..........##5@#
...#.....######
.# ###...# ##.##
###


You could see an ufetubus.

Vanquished Creatures
  An iguana (D:4)
  Ijyb (D:3)
  An orc wizard (D:3)
  2 adders
  A white imp (D:7)
  2 worms
  A dart slug (D:1)
  2 orcs (D:7)
  9 endoplasms
  5 giant cockroaches
  9 goblins
  6 hobgoblins
  10 jackals
  5 quokkas
  4 ball pythons
  11 bats
  7 frilled lizards
  10 kobolds
  8 rats
95 creatures vanquished.

Vanquished Creatures (others)
  4 demonic plants (D:7)
  4 plants (D:2)
8 creatures vanquished.

Grand Total: 103 creatures vanquished

Notes
Turn   | Place    | Note
-------+----------+-------------------------------------------
     0 | D:1      | LustLizard the Deep Elf Venom Mage began the quest for the
                  | Orb.
     0 | D:1      | Reached XP level 1. HP: 10/10 MP: 6/6
   272 | D:1      | Reached XP level 2. HP: 16/16 MP: 6/8
   362 | D:1      | Found a faded altar of an unknown god.
   844 | D:1      | Reached XP level 3. HP: 20/20 MP: 7/9
  1397 | D:2      | Learned a level 2 spell: Poisonous Vapours
  1401 | D:2      | Learned a level 3 spell: Mephitic Cloud
  1851 | D:2      | Found a sparkling altar of Nemelex Xobeh.
  1907 | D:2      | Reached skill level 1 in Fighting
  1965 | D:2      | Reached XP level 4. HP: 25/25 MP: 7/11
  2213 | D:2      | Reached skill level 1 in Conjurations
  2543 | D:3      | Found a sacrificial altar of Ru.
  2560 | D:3      | Reached skill level 1 in Air Magic
  2857 | D:3      | Noticed Ijyb
  3303 | D:3      | Reached XP level 5. HP: 29/29 MP: 9/12
  4034 | D:3      | Killed Ijyb
  4147 | D:4      | Learned a level 4 spell: Olgreb's Toxic Radiance
  4252 | D:4      | Noticed a sky beast
  4332 | D:4      | You fall into a shaft and drop 3 floors!
  4385 | D:6      | Noticed Menkaure
  4407 | D:7      | Slain by an ufetubus

Illustrated notes

Levels and vault maps discovered:
D:1:      saegor_arrival_under_anarchy, layout_loops_cross,
          basic_ecumenical_altar
D:2:      layout_rooms, serial_forest, infiniplex_forest_clump_curved,
          infiniplex_forest_end_double, infiniplex_forest_pool,
          infiniplex_forest_clump_C, infiniplex_forest_lined_3,
          infiniplex_forest_lined_1, infiniplex_forest_straight_1, basic_altar,
          minmay_quadrilaterals
D:3:      layout_loops_ring, nicolae_ru_great_annihilating_truth,
          nrook_mini_backslash, kennysheep_generic_room_15, uniq_ijyb
D:4:      layout_loops_corners, minmay_temple_entry_junction,
          gammafunk_ghost_split, uniq_robin
D:6:      layout_layer_cave, nicolae_overflow_hallway_of_the_gods, uniq_menkaure
D:7:      layout_cave_pools, good_gods_temple_1, serial_demonic,
          serial_demonic_b, serial_demonic_g, serial_demonic_g,
          serial_demonic_e, minmay_holes, uniq_prince_ribbit1, uniq_pikel

Skill      XL: |  1  2  3  4  5 |
---------------+----------------+-----
Stealth        | 3 |  3.7
Poison Magic   | 4 |  4.6
Fighting       | 1 |  1.2
Conjurations   | 1 2 |  2.0
Air Magic      | 1 |  1.7
Spellcasting   | 4 |  4.0
Dodging        | |  2.4
Transmutations | |  1.1

Action                     |  1- 3 |  4- 6 || total
---------------------------+-------+-------++-------
  Melee: Dagger            |     4 |     7 ||    11
   Cast: Sting             |   114 |    93 ||   207
         Poisonous Vapours |       |    10 ||    10
         Mephitic Cloud    |       |     1 ||     1
    Use: Scroll            |       |     2 ||     2
         Potion            |       |     3 ||     3
 Armour: Robe              |    14 |    18 ||    32
  Dodge: Dodged            |    34 |    42 ||    76
  Block: Other             |     2 |    13 ||    15
         Reflection        |     1 |     1 ||     2

Table legend: (Time is in decaauts)
 A = Elapsed time spent in this place.
 B = Non-inter-level travel time spent in this place.
 C = Inter-level travel time spent in this place.
 D = Time resting spent in this place.
 E = Time spent auto-exploring this place.
 F = Levels seen in this place.
 G = Mean time per level.
                   A        B        C        D        E       F      G
               +--------+--------+--------+--------+--------+-----+--------+
         Total |   4406 |   4337 |     69 |    184 |   3486 |   6 |  734.3 |
       Dungeon |   4406 |   4337 |     69 |    184 |   3486 |   6 |  734.3 |
               +--------+--------+--------+--------+--------+-----+--------+

Top non-repeatable levels by time:
     D:3: 1601 daAuts
     D:1: 1280 daAuts
     D:2: 1252 daAuts
     D:4: 196 daAuts
     D:7: 72 daAuts
     D:6: 1 daAuts
